 Dungeon Crawl Stone Soup version 0.29-a0-321-gf1c400731a (webtiles) character file.

Game seed: 17223462036324057973

178 HotDog the Covered (level 5, -1/33 HPs)
             Began as a Gargoyle Fighter on Apr 5, 2022.
             Slain by an orc
             ... wielding a +6 trident
              (9 damage)
             ... on level 3 of the Dungeon.
             The game lasted 00:02:38 (1990 turns).

HotDog the Covered (Gargoyle Fighter)               Turns: 1990, Time: 00:02:39

Health: -1/33      AC: 13    Str: 26 (29) XL:     5   Next: 58%
Magic:  15/15      EV:  9    Int:  6 (8)  God:
Gold:   160        SH:  0    Dex:  7 (9)  Spells: 4/4 levels left

rFire   . . .      SeeInvis .   a - +0 flail
rCold   . . .      Faith    .   c - +1 buckler
rNeg    + . .      Spirit   .   n - +2 scale mail "Welolof" {+Inv rPois MP+9 Str+7}
rPois   ∞          Reflect  .   (no helmet)
rElec   +          Harm     .   (no cloak)
rCorr   .          Rampage  .   (no gloves)
Will    .....                   (no boots)
Stlth   ..........              k - amulet of regeneration
HPRegen 0.91/turn               (no ring)
MPRegen 0.14/turn               (no ring)

@: confused, mighty
A: sickness immunity, AC +4, negative energy resistance 1, electricity
resistance, torment resistance 1, petrification resistance
a: Evoke Invisibility


You were on level 3 of the Dungeon.
You visited 1 branch of the dungeon, and saw 4 of its levels.

You collected 160 gold pieces.

Inventory:

Hand Weapons
 a - a +0 flail (weapon)
Armour
 c - a +1 buckler (worn)
 n - the +2 scale mail "Welolof" (worn) {+Inv rPois MP+9 Str+7}
   (You found it on level 3 of the Dungeon)

   Str:       It affects your strength (+7).
   rPois:     It protects you from poison.
   MP:        It affects your magic capacity (+9).
   +Inv:      It lets you turn invisible.
Jewellery
 k - an amulet of regeneration (around neck)
Scrolls
 e - a scroll of fear {unknown}
 i - a scroll of enchant weapon {unknown}
 p - a scroll of identify {unknown}
Potions
 b - a potion of curing {unknown}
 f - a potion of brilliance {unknown}
 g - a potion of mutation {unknown}
 h - a potion of heal wounds {unknown}
 l - a potion of haste {unknown}
 m - a potion of flight {unknown}
 o - a potion of attraction {unknown}


   Skills:
 * Level 3.9 Fighting
 * Level 3.6 Maces & Flails
 * Level 4.0 Armour
 * Level 0.9 Dodging
 * Level 3.9 Shields
 * Level 1.5 Invocations


You had 4 spell levels left.
You didn't know any spells.
Your spell library contained the following spells:

 Spells                   Type           Power      Damage    Failure   Level
 Leda's Liquefaction      Hex/Erth       0%         N/A       100%        4
 Lee's Rapid Deconstruct  Erth           0%         3d5*      100%        5
 Statue Form              Tmut/Erth      Unusable   N/A       N/A         6

Dungeon Overview and Level Annotations

Branches:
Dungeon (4/15)
 Temple: D:4-7

Altars:

Shops:
D:1 *

Annotations:
D:3 1 runed translucent door, wpisznazwe's ghost, novice DgHu


Innate Abilities, Weirdness & Mutations

You are immune to sickness and miasma.
Your stone body is resilient. (AC +4)
You are immune to poison.
You resist negative energy. (rN+)
You are resistant to electric shocks. (rElec)
You are resistant to unholy torment.
You are immune to petrification.


Message History

You block the orc's attack. Something hits you but does no damage.
The orc hits you from afar with a +0 trident.
You climb upwards.
Level annotation: 1 runed translucent door, wpisznazwe's ghost, novice DgHu Reactivating autopickup.
There is a stone staircase leading down here.
Deactivating autopickup; reactivate with Ctrl-A.
You miss something. You block the orc's attack.
Something hits you but does no damage.
You miss something. Something hits you but does no damage.
The orc hits you but does no damage.
You sock something!
You hear some strange, mumbled words.
A magic dart appears from out of thin air!
The magic dart hits you. The orc closely misses you.
You barely miss something. Something hits you. The orc closely misses you.
You closely miss something. Something hits you but does no damage.
The orc hits you with a +6 trident. x2
* * * LOW HITPOINT WARNING * * *
Something hits you but does no damage.
You closely miss something. Something completely misses you.
The orc barely misses you.
You miss something.
You hear some strange, mumbled words.
You are confused.
The orc hits you with a +6 trident.
* * * LOW HITPOINT WARNING * * *
You bump into the rock wall.
You hear some strange, mumbled words.
Something tries to affect you, but you resist.
The orc barely misses you.
It was a potion of degeneration.
There was something very wrong with that liquid.
You feel weakened.
You feel dopey.
You feel clumsy.
You hear some strange, mumbled words.
Something tries to affect you, but you resist.
The orc hits you but does no damage.
You feel very mighty all of a sudden. Something hits you but does no damage.
The orc hits you with a +6 trident!
You die...

#####################
#...@......##.......#
#..{.o.....##.......# ###
#..........##.......# # #.##
#####...#####.......# # #..#
#)..# #.......# # ######..##
###...#####.......# #
#......).####.....##..........#
#
#....................#..#######
###.......................#


You could see an orc.

Vanquished Creatures
  Menkaure (D:4)
  An adder (D:3)
  2 dart slugs
  2 orcs
  2 endoplasms (D:2)
  4 giant cockroaches
  2 goblins
  6 hobgoblins
  4 jackals (D:2)
  5 kobolds
  3 ball pythons
  4 bats
  A frilled lizard (D:3)
37 creatures vanquished.

Notes
Turn   | Place    | Note
-------+----------+-------------------------------------------
     0 | D:1      | HotDog the Gargoyle Fighter began the quest for the Orb.
     0 | D:1      | Reached XP level 1. HP: 14/14 MP: 1/1
    69 | D:1      | Found Rorhit's General Store.
   145 | D:1      | You fall into a shaft and drop 1 floor!
   202 | D:2      | Reached XP level 2. HP: 19/19 MP: 2/2
   472 | D:2      | Reached XP level 3. HP: 22/23 MP: 3/3
   785 | D:3      | Identified the +2 scale mail "Welolof" {+Inv rPois MP+9
                  | Str+7}
  1263 | D:3      | Reached skill level 1 in Invocations
  1589 | D:3      | Found a runed translucent door.
  1589 | D:3      | Noticed a water moccasin
  1589 | D:3      | Noticed wpisznazwe's ghost (novice DgHu)
  1681 | D:4      | Noticed Menkaure
  1691 | D:4      | Killed Menkaure
  1692 | D:4      | Reached skill level 4 in Armour
  1692 | D:4      | Reached XP level 4. HP: 18/29 MP: 5/5
  1692 | D:4      | Reached XP level 5. HP: 21/33 MP: 6/6
  1990 | D:3      | Slain by an orc

Illustrated notes

Levels and vault maps discovered:
D:1:      mrwooster_arrival_statue, layout_loops_ring, serial_shops,
          nicolae_shop_temple_entry_statues_fountains,
          shapermc_ecumenical_altar_totnotflames, amcnicky_mini_corridor_feature
D:2:      layout_basic
D:3:      layout_rooms, ebering_ghost_inner_flame
D:4:      layout_layer_cave, temple_green, uniq_robin, uniq_menkaure

Skill      XL: |  1  2  3 |
---------------+----------+-----
Invocations    | 1 |  1.5
Maces & Flails | 3 |  3.6
Armour         | 4 |  4.0
Fighting       | |  3.9
Dodging        | |  0.9
Shields        | |  3.9

Action                   |  1- 3 |  4- 6 || total
-------------------------+-------+-------++-------
Melee: Flail             |   152 |    15 ||   167
  Use: Scroll            |     3 |       ||     3
       Potion            |       |     2 ||     2
Armor: Scale mail        |    94 |    24 ||   118
Dodge: Dodged            |    88 |    17 ||   105
Block: Buckler           |    44 |     7 ||    51

Table legend: (Time is in decaauts)
 A = Elapsed time spent in this place.
 B = Non-inter-level travel time spent in this place.
 C = Inter-level travel time spent in this place.
 D = Time resting spent in this place.
 E = Time spent auto-exploring this place.
 F = Levels seen in this place.
 G = Mean time per level.
                   A        B        C        D        E       F      G
               +--------+--------+--------+--------+--------+-----+--------+
         Total |   2044 |   1986 |     58 |    533 |   1029 |   4 |  511.0 |
       Dungeon |   2044 |   1986 |     58 |    533 |   1029 |   4 |  511.0 |
               +--------+--------+--------+--------+--------+-----+--------+

Top non-repeatable levels by time:
     D:3: 1035 daAuts
     D:2: 631 daAuts
     D:4: 222 daAuts
     D:1: 155 daAuts
